 Dungeon Crawl Stone Soup version 0.31.0-32-g396128a36d (webtiles) character file.

Game seed: 6584034028493267894

70 Cheops the Ruffian (level 4, 0/28 HPs)
             Began as an Octopode Shapeshifter on Mar 24, 2024.
             Slain by an orc wizard
             ... wielding a +0 dagger
              (1 damage)
             ... on level 3 of the Dungeon.
             The game lasted 00:02:45 (2142 turns).

Cheops the Ruffian (Octopode Shapeshifter)          Turns: 2142, Time: 00:02:46

Health: 0/28       AC:  1    Str: 15    XL:     4   Next: 22%
Magic:  4/4        EV: 13    Int: 12    God:
Gold:   205        SH:  0    Dex: 11    Spells: 3/3 levels left

rFire   . .          .
                       - Unarmed
rCold   + . .        (no shield)
rNeg    . . .        (helmet currently unavailable)
rPois   .            (no amulet)
rElec   .            e - ring of protection from cold
rCorr   .            (no ring)
SInv    .            (no ring)
Will    .....        (no ring)
Stlth   ++           (no ring)
HPRegen 0.24/turn    (no ring)
MPRegen 0.09/turn    (no ring)
                     (no ring)

%: no passive effects
@: beast-form
A: beast (slay +1), almost no armour, amphibious, 8 rings, camouflage 1,
gelatinous body 1, (nimble swimmer 1), tentacles
a: Begin Untransformation


You were on level 3 of the Dungeon.
You were a hulking beast.
You visited 1 branch of the dungeon, and saw 3 of its levels.

You collected 205 gold pieces.

Inventory:

Jewellery
 e - a ring of protection from cold (left tentacle)
 n - an amulet of regeneration
Talismans
 b - a beast talisman
 c - a flux talisman
Wands
 l - a wand of flame (14)
Scrolls
 d - a scroll of noise {unknown}
 f - a scroll of vulnerability {unknown}
 h - a scroll of torment {unknown}
 i - a scroll of enchant armour {unknown}
 j - 2 scrolls of identify {unknown}
Potions
 a - a potion of lignification
 g - a potion of heal wounds {unknown}
 k - a potion of curing {unknown}
 m - 2 potions of mutation {unknown}
 o - a potion of berserk rage {unknown}


   Skills:
 - Level 1.0 Fighting
 - Level 2.0 Dodging
 * Level 4.9 Unarmed Combat
 + Level 3.0 Shapeshifting


You had 3 spell levels left.
You didn't know any spells.
Your spell library contained the following spells:

 Spells                   Type           Power      Damage    Failure   Level
 Apportation              Tloc           0%         N/A       32%         1
 Necrotise                Necr           0%         1d4       32%         1
 Sting                    Conj/Alch      0%         1d3       32%         1
 Summon Small Mammal      Summ           0%         N/A       32%         1
 Ensorcelled Hibernation  Hex/Ice        0%         N/A       45%         2
 Fugue of the Fallen      Necr           0%         N/A       69%         3
 Anguish                  Hex/Necr       0%         N/A       97%         4


Dungeon Overview and Level Annotations

Branches:
Dungeon (3/15)

Altars:


Innate Abilities, Weirdness & Mutations

You are a hulking beast.
Your limbs bulge with bestial killing power. (Slay +1)
You cannot wear most types of armour.
You are amphibious.
You can wear up to eight rings at the same time.
Your skin changes colour to match your surroundings (Stealth+).
Your rubbery body absorbs attacks. (AC +1, EV +1)
((You are camouflaged when in or above water. (Stealth+)))
You have tentacles for arms and can constrict up to eight enemies at once.


Message History

Deactivating autopickup; reactivate with Ctrl-A.
You closely miss the orc. Your grab misses the orc. The orc barely misses you.
The orc hits you from afar with a +0 trident.
You bludgeon the orc!
You kill the orc!
The orc hits you from afar with a +0 trident!
* * * LOW HITPOINT WARNING * * *
You are too injured to fight recklessly!
You are too injured to fight recklessly!
Unknown command.
Unknown command.
Unknown command.
The orc barely misses you.
Things that are here:
a +0 dagger; an orc corpse You bludgeon the orc!
You kill the orc!
You miss something.
You hear some strange, mumbled words.
A puff of flame appears from out of thin air!
The puff of flame misses you.
Unknown command.
You miss something. Your squeeze misses something. Something hits you.
* * * LOW HITPOINT WARNING * * *
You closely miss something. Your squeeze misses something.
Something barely misses you.
You tentacle-slap something. Something hits you but does no damage.
You miss something. Something hits you.
* * * LOW HITPOINT WARNING * * *
You barely miss something. Something hits you.
* * * LOW HITPOINT WARNING * * *
You miss something.
Unknown command.
You tentacle-slap something but do no damage.
Something hits you.
* * * LOW HITPOINT WARNING * * *
You miss something. Your squeeze misses something. Something hits you.
* * * LOW HITPOINT WARNING * * *
You miss something. Something hits you.
You die...

#....#..#..#........
.##.##..#...#...######
......#...#...#..#
##...#...#...#...#..##
##..#...#...#...#...#..#
#.#...#...#...#...#...#.
#...#...#...#...#...#...
#...#...#...#...#...#.
..#.{h#...#...#...#..)
#...#...#...#...#...#.
#...# :.#...#...#...#...
#.# .#...#...#...#...#.
. #...#...#...#...#... .
#...#...#...#...#. .#
..#...#...#...#... #.
#.. #...#...#...#.
..#...#...#..#


There were no monsters in sight!

Vanquished Creatures
  2 adders
  A dart slug (D:1)
  3 orcs (D:3)
  2 endoplasms (D:2)
  2 giant cockroaches (D:1)
  6 goblins
  5 hobgoblins
  3 quokkas (D:1)
  4 ball pythons
  5 bats
  3 frilled lizards
  3 kobolds
  6 rats
  A spectral hobgoblin (D:1)
46 creatures vanquished.

Notes
Turn   | Place    | Note
-------+----------+-------------------------------------------
     0 | D:1      | Cheops the Octopode Shapeshifter began the quest for the
                  | Orb.
     0 | D:1      | Reached XP level 1. HP: 13/13 MP: 1/1
   177 | D:1      | Reached XP level 2. HP: 18/18 MP: 2/2
   314 | D:1      | Found a faded altar of an unknown god.
   453 | D:1      | Reached skill level 4 in Unarmed Combat
   659 | D:2      | Reached XP level 3. HP: 22/23 MP: 3/3
   905 | D:2      | Identified the +4 dagger of Breach {heavy, rC+ rN+ Str+3
                  | Dex-5}
  1710 | D:3      | Reached XP level 4. HP: 28/28 MP: 4/4
  2141 | D:3      | HP: 1/28 [something (5)]
  2142 | D:3      | Slain by an orc wizard

Illustrated notes

Levels and vault maps discovered:
D:1:      lemuel_arrival_muddy, layout_basic,
          dreamdust_ecumenical_altar_drowned_temple, solitary_fountain,
          st_stairs_8
D:2:      layout_basic, serial_glass, glass_columns_b, glass_columns_b,
          minmay_tromino_v4_b
D:3:      minmay_skewed_foursquare, layout_loops_corners,
          chequers_serial_rivers_small_b, minmay_parallelograms, hex_large

Skill      XL: |  1  2 |
---------------+-------+-----
Unarmed Combat | 4 |  4.9
Fighting       | |  1.0
Dodging        | |  2.0
Shapeshifting  | |  3.0

Action                     |  1- 3 |  4- 6 || total
---------------------------+-------+-------++-------
  Melee: Unarmed           |    77 |    22 ||    99
         Constrict         |    19 |     2 ||    21
         Tentacles         |     9 |     2 ||    11
         Punch             |     1 |     1 ||     2
   Stab: Sleeping          |     6 |       ||     6
 Armour: Skin              |    18 |    14 ||    32
  Dodge: Dodged            |    41 |     5 ||    46
